 Dungeon Crawl Stone Soup version 0.29-a0-43-g62a80824bf (webtiles) character file.

Game seed: 7807661833710363674

2 blackman the Sneak (level 1, -3/18 HPs)
             Began as a Human Delver on Feb 2, 2022.
             Slain by an orc (4 damage)
             ... on level 4 of the Dungeon.
             The game lasted 00:02:56 (281 turns).

blackman the Sneak (Human Delver)                    Turns: 281, Time: 00:02:57

Health: -3/18      AC:  3    Str: 12    XL:     1   Next: 33%
Magic:  1/1        EV: 12    Int: 10    God:
Gold:   20         SH:  0    Dex: 14    Spells: 0/0 levels left

rFire   . . .      SeeInvis .   a - +0 hand axe
rCold   . . .      Faith    .   (no shield)
rNeg    . . .      Spirit   .   b - +0 leather armour
rPois   .          Reflect  .   (no helmet)
rElec   .          Harm     .   (no cloak)
rCorr   .          Rampage  .   (no gloves)
Will    .....                   (no boots)
Stlth   +++.......              (no amulet)
HPRegen 0.06/turn               (no ring)
MPRegen 0.07/turn               (no ring)

@: hasted, very quick
A: no striking features
a: no special abilities


You were on level 4 of the Dungeon.
You visited 1 branch of the dungeon, and saw 2 of its levels.

You collected 20 gold pieces.

Inventory:

Hand Weapons
 a - a +0 hand axe (weapon)
Armour
 b - a +0 leather armour (worn)
Jewellery
 d - a ring of fire
Wands
 g - a wand of digging (3)
Scrolls
 c - a scroll of fog


   Skills:
 - Level 3.0 Fighting
 + Level 2.2 Axes
 - Level 2.0 Dodging
 - Level 5.0 Stealth


You couldn't memorise any spells.
You didn't know any spells.
Your spell library was empty.

Dungeon Overview and Level Annotations

Branches:
Dungeon (5/15)
 Temple: D:4-7

Altars:


Message History

Found a knobbly granite ring and a scroll labelled FIARIGA MATOCU. 3 yaks come into view.
Found 11 gold pieces.
There is an open door here.
The yak bellows! x3
The yak bellows!
You see here a ring of fire.
d - a ring of fire
As you read the scroll of fear, it crumbles to dust.
You assume a fearsome visage.
The gnoll looks frightened!
The ball python looks frightened!
The yak looks frightened! x4
The jelly looks frightened!
You open the door.
There is an open door here.
You close the door.
A hound comes into view.
The hound barks! 3 orcs come into view.
An orc comes into view. It is wielding a +0 whip.
The hound bites you.
The orc shouts! x4; You hear a shout! x2
You closely miss the orc. You hit the hound. You barely miss the orc.
You hear a shout!
An orc comes into view. It is wielding a +0 dagger of draining.
The orc hits you with a +0 club.
* * * LOW HITPOINT WARNING * * *
The hound closely misses you. The orc closely misses you.
You closely miss the orc. You hit the hound. You hit the orc. x2
The hound misses you. The orc misses you. The orc completely misses you.
You slash the orc!
You kill the orc!
You hit the hound. You hit the orc. You closely miss the orc.
The orc closely misses you. The hound completely misses you.
The orc hits you with a +0 whip.
* * * LOW HITPOINT WARNING * * *
The orc closely misses you.
Things that are here:
a +0 club; 3 boomerangs The orc closely misses you.
The orc hits you with a +0 whip.
You die...

#YYY...#
#.Y....#
#..?...#
#####+## #.#
#.# #.#
#.#####+##
#..oh@...#
#...oo...#
#......o.#
#.#####.....
.... #####
###.# #.# #.


You could see a hound and 4 orcs.

Vanquished Creatures
  An orc (D:4)
1 creature vanquished.

Notes
Turn   | Place    | Note
-------+----------+-------------------------------------------
     0 | D:5      | blackman the Human Delver began the quest for the Orb.
     0 | D:5      | Reached XP level 1. HP: 18/18 MP: 1/1
   233 | D:4      | Noticed a jelly
   251 | D:4      | Noticed an ogre
   261 | D:4      | Noticed a yak
   262 | D:4      | Noticed a yak
   262 | D:4      | Noticed a yak
   262 | D:4      | Noticed a yak
   272 | D:4      | Noticed a hound
   281 | D:4      | Slain by an orc

Illustrated notes

Levels and vault maps discovered:
D:4:      layout_basic, minmay_misc_feat_pillars
D:5:      lemuel_ratsnest, layout_loops_ring, kennysheep_generic_room_12,
          uniq_ijyb, uniq_edmund

Action                   || total
-------------------------++-------
Melee: Hand axe          ||     3
  Use: Scroll            ||     2
       Potion            ||     1
Dodge: Dodged            ||    15

Table legend: (Time is in decaauts)
 A = Elapsed time spent in this place.
 B = Non-inter-level travel time spent in this place.
 C = Inter-level travel time spent in this place.
 D = Time resting spent in this place.
 E = Time spent auto-exploring this place.
 F = Levels seen in this place.
 G = Mean time per level.
                   A        B        C        D        E       F      G
               +--------+--------+--------+--------+--------+-----+--------+
         Total |    266 |    263 |      3 |    157 |      0 |   2 |  133.0 |
       Dungeon |    266 |    263 |      3 |    157 |      0 |   2 |  133.0 |
               +--------+--------+--------+--------+--------+-----+--------+

Top non-repeatable levels by time:
     D:4: 240 daAuts
     D:5: 26 daAuts
